 Dungeon Crawl Stone Soup version 0.30-b1-2-g02819fbbbe (webtiles) character file.

Game seed: 15015367283236296518

508183 xelsha the Gnoll Aeon (level 25, -8/164 HPs)
             Began as a Gnoll Fighter on July 12, 2023.
             Was the Champion of Cheibriados.
             Mangled by an ancient champion (illusionary)
             ... wielding a +1 halberd of distortion
              (18 damage)
             ... on level 2 of the Crypt on July 13, 2023.
             The game lasted 04:15:07 (73007 turns).

xelsha the Gnoll Aeon (Gnoll Fighter)              Turns: 73007, Time: 04:15:08

Health: -8/164     AC: 38    Str: 33    XL:     25   Next: 43%
Magic:  19/44      EV: 21    Int: 31    God:    Cheibriados [******]
Gold:   1802       SH: 40    Dex: 26    Spells: 2/59 levels left

rFire   . . .        E - +3 Elemental Staff {rElec rF+ rC+ AC+3}
rCold   + + .        U - +18 shield of the Gong {Loud rN+ Will+ rCorr EV-5}
rNeg    + + +        z - +8 pearl dragon scales
rPois   +            x - +2 helmet {SInv}
rElec   +            i - scarf {rC+ rF+}
rCorr   +            b - +2 pair of gloves
SInv    +            u - +1 pair of boots {Fly}
Will    +++..        F - amulet of reflection
Stlth   ++++++       A - ring of willpower
HPRegen 0.47/turn    K - ring of Spite {rPois rN+ AC+4 Dex+2}
MPRegen 0.29/turn

%: random rage (9%), reflection
@: flying, very slow
A: fangs 1, strong nose, distributed training, wild magic 1, [berserk 2],
[clumsy 2], [deformed body], [frail 2], [heat vulnerability 2]
}: 2/15 runes: barnacled, gossamer
a: Renounce Religion, Bend Time, Temporal Distortion, Slouch, Step From Time


You were on level 2 of the Crypt.
You worshipped Cheibriados.
Cheibriados was exalted by your worship.
You visited 10 branches of the dungeon, and saw 44 of its levels.
You also visited: Ice Cave, Volcano and Wizlab.

You collected 7084 gold pieces.
You spent 5282 gold pieces at shops.

Inventory:

Hand Weapons
 j - a +5 broad axe of flaming
 o - a +2 scimitar of holy wrath
 E - the +3 Elemental Staff (weapon) {rElec rF+ rC+ AC+3}
   (You took it off a tengu reaver on level 14 of the Dungeon)

   It enhances your fire, ice, earth and air magic.
   AC:        It affects your AC (+3).
   rF:        It protects you from fire.
   rC:        It protects you from cold.
   rElec:     It insulates you from electricity.
 V - the +10 scimitar "Ogreslayer" {flame, MP+9 Dex+5}
   (You bought it in a shop on level 1 of the Vaults)

   Dex:       It affects your dexterity (+5).
   MP:        It affects your magic capacity (+9).
 Z - a +1 heavy hand crossbow
Missiles
 n - 7 curare-tipped darts
 r - 4 silver javelins
 M - 9 throwing nets
Armour
 b - a +2 pair of gloves (worn)
 i - a scarf of resistance (worn)
 u - a +1 pair of boots of flying (worn)
 x - a +2 helmet of see invisible (worn)
 z - +8 pearl dragon scales (worn)
 U - the +18 shield of the Gong (worn) {Loud rN+ Will+ rCorr EV-5}
   (You found it on level 1 of the Shoals)

   Loud:      It is deafeningly noisy when blocking attacks.
   EV:        It affects your evasion (-5).
   rN:        It protects you from negative energy.
   rCorr:     It protects you from acid and corrosion.
   Will:      It increases your willpower.
Jewellery
 c - a ring of protection from fire
 A - a ring of willpower (left hand)
 F - an amulet of reflection (around neck)
 K - the ring of Spite (right hand) {rPois rN+ AC+4 Dex+2}
   (You bought it in a shop on level 6 of the Dungeon)

   [ring of protection]

   AC:        It affects your AC (+4).
   Dex:       It affects your dexterity (+2).
   rPois:     It protects you from poison.
   rN:        It protects you from negative energy.
 L - a ring of protection from cold
 W - a ring of willpower
Wands
 g - a wand of flame (106)
 H - a wand of digging (19)
 N - a wand of mindburst (21)
 O - a wand of charming (24)
 P - a wand of roots (22)
 Q - a wand of acid (17)
 T - a wand of polymorph (31)
Scrolls
 a - a scroll of silence
 e - 11 scrolls of fear
 k - 18 scrolls of teleportation
 t - 6 scrolls of blinking
 B - 2 scrolls of summoning
 J - 5 scrolls of magic mapping
 S - 6 scrolls of poison
 X - 8 scrolls of amnesia
 Y - 10 scrolls of fog
Potions
 d - 14 potions of might
 f - 3 potions of berserk rage
 h - 11 potions of cancellation
 l - 18 potions of curing
 m - 13 potions of flight
 p - 6 potions of brilliance
 q - 13 potions of mutation
 w - 10 potions of resistance
 C - 10 potions of ambrosia
 D - 12 potions of heal wounds
 G - 4 potions of magic
 I - 10 potions of lignification
 R - 3 potions of invisibility
Miscellaneous
 y - a phantom mirror


   Skills:
 + Level 18.5 Fighting
 + Level 17.5 Short Blades
 + Level 17.5 Long Blades
 + Level 17.5 Axes
 + Level 18.1 Maces & Flails
 + Level 17.5 Polearms
 + Level 17.5 Staves
 + Level 17.5 Ranged Weapons
 + Level 17.5 Throwing
 + Level 18.5 Armour
 + Level 17.5 Dodging
 + Level 17.5 Stealth
 + Level 18.5 Shields
 + Level 17.5 Unarmed Combat
 + Level 17.5 Spellcasting
 + Level 14.9 Conjurations
 + Level 14.9 Hexes
 + Level 14.9 Summonings
 + Level 14.9 Necromancy
 + Level 14.9 Translocations
 + Level 14.9 Transmutations
 + Level 14.9 Fire Magic
 + Level 14.9 Ice Magic
 + Level 14.9 Air Magic
 + Level 14.9 Earth Magic
 + Level 14.9 Poison Magic
 + Level 19.0 Invocations
 + Level 17.5 Evocations


You had 2 spell levels left.
You knew the following spells:

 Your Spells              Type           Power      Damage    Failure   Level
a - Shock                 Conj/Air       100%       1d9       1%          1
b - Ensorcelled Hibernat  Hex/Ice        100%       N/A       1%          2
c - Anguish               Hex/Necr       51%        N/A       1%          4
d - Olgreb's Toxic Radia  Pois           100%       N/A       1%          4
e - Ignite Poison         Fire/Tmut/Pois 100%       N/A       1%          3
f - Passage of Golubria   Tloc           100%       N/A       1%          4
g - Yara's Violent Unrav  Hex/Tmut       51%        3d20      1%          5
h - Freezing Cloud        Conj/Ice/Air   75%        6-21      1%          5
i - Borgnjor's Vile Clut  Necr/Erth      62%        N/A       1%          5
j - Alistair's Intoxicat  Tmut/Pois      68%        N/A       1%          5
k - Arcjolt               Conj/Air       62%        1d72      1%          5
l - Haunt                 Necr/Summ      51%        N/A       9%          7
m - Irradiate             Conj/Tmut      51%        3d28      1%          5
n - Sublimation of Blood  Necr           100%       N/A       1%          2

Your spell library contained the following spells:

 Spells                   Type           Power      Damage    Failure   Level
 Apportation              Tloc           100%       N/A       1%          1
 Cigotuvi's Dreadful Rot  Necr/Pois/Air  100%       N/A       1%          2
 Scorch                   Fire           100%       2d9       1%          2
 Call Canine Familiar     Summ           100%       N/A       1%          3
 Frozen Ramparts          Ice            100%       1d16      1%          3
 Inner Flame              Hex/Fire       100%       N/A       1%          3
 Ozocubu's Armour         Ice            100%       N/A       1%          3
 Portal Projectile        Hex/Tloc       100%       N/A       1%          3
 Spider Form              Tmut/Pois      100%       N/A       1%          3
 Swiftness                Air            100%       N/A       1%          3
 Tukima's Dance           Hex            100%       N/A       1%          3
 Vhi's Electric Charge    Tloc/Air       100%       N/A       1%          3
 Airstrike                Air            62%        2d(9-25)  1%          4
 Animate Dead             Necr           100%       N/A       1%          4
 Dispel Undead            Necr           100%       3d31      1%          4
 Flame Wave               Conj/Fire      100%       2d21      1%          4
 Ice Form                 Ice/Tmut       100%       N/A       1%          4
 Leda's Liquefaction      Hex/Erth       62%        N/A       1%          4
 Manifold Assault         Tloc           100%       N/A       1%          4
 Petrify                  Tmut/Erth      100%       N/A       1%          4
 Sticky Flame             Conj/Fire      100%       2d11      1%          4
 Summon Ice Beast         Ice/Summ       100%       N/A       1%          4
 Metabolic Englaciation   Hex/Ice        62%        N/A       1%          5
 Silence                  Hex/Air        62%        N/A       1%          5
 Summon Forest            Summ/Tloc      51%        N/A       1%          5
 Summon Mana Viper        Hex/Summ       100%       N/A       1%          5
 Conjure Ball Lightning   Conj/Air       62%        3x3d22    2%          6
 Death Channel            Necr           51%        N/A       2%          6
 Dispersal                Tloc           51%        N/A       2%          6
 Eringya's Noxious Bog    Tmut/Pois      51%        N/A       2%          6
 Plasma Beam              Fire/Air       75%        2x1d101   2%          6
 Simulacrum               Ice/Necr       62%        N/A       2%          6
 Summon Cactus Giant      Summ           51%        N/A       2%          6
 Discord                  Hex            51%        N/A       50%         8
 Disjunction              Tloc           51%        N/A       50%         8
 Ignition                 Fire           62%        3d17      50%         8
 Infestation              Necr           51%        N/A       50%         8
 Lehudib's Crystal Spear  Conj/Erth      62%        10d14     50%         8
 Death's Door             Necr           51%        N/A       100%        9


Dungeon Overview and Level Annotations

Branches:
Dungeon (15/15)            Temple (1/1) D:5            Lair (5/5) D:10
 Shoals (4/4) Lair:3       Spider (4/4) Lair:3        Slime (0/5) Lair:5
    Orc (2/2) D:10            Elf (3/3) Orc:2        Vaults (4/5) D:14
  Crypt (2/3) Vaults:3     Depths (4/4) D:15            Zot (0/5) Depths:4
  IceCv (visited)         Volcano (visited)          WizLab (visited)

Altars:
Ashenzari
Cheibriados
Dithmenos
Elyvilon
Fedhas
Gozag
Hepliaklqana
Kikubaaqudgha
Makhleb
Nemelex Xobeh
Okawaru
Qazlal
Ru
Sif Muna
Trog
Uskayaw
Vehumet
Wu Jian
Xom
Yredelemnul
Zin
The Shining One

Shops:
D:6 =!   D:7 *   D:13 [   Orc:2 :!?(   Shoals:3 ([   Shoals:4 =   Vaults:1 (
Vaults:2 [   Depths:3 :=:

Portals:
Hell: Depths:1 Depths:2 Depths:3 Depths:4
Abyss: Crypt:2 Depths:3
Pandemonium: Depths:2 Depths:3
Ziggurat: Depths:2

Annotations:
Crypt:2 1 transporter, Quemios's ghost, veteran GrEE


Innate Abilities, Weirdness & Mutations

You have very sharp teeth.
Your uncanny sense of smell can sniff out nearby items.
Your experience applies equally to all skills.
Your spells are a little harder to cast, but a little more powerful.
[You have an uncontrollable temper.]
[You are very clumsy. (Dex -4)]
[Armour fits poorly on your strangely shaped body.]
[You are very frail. (-20% HP)]
[You are very vulnerable to heat. (rF--)]


Message History

You closely miss the wretched star.
The wretched star is moderately damaged.
You block the ancient champion's attack.
BOUMMMMG!
Unknown command.
You hit the wretched star.
The wretched star is moderately damaged.
The wretched star pulses with an eldritch light!
You feel a little pissed off.
You feel extremely angry at everything!
You block the ancient champion's attack.
PANG!
Quemios's ghost hits you but does no damage.
You block Quemios's ghost's attack.
BOUMMMMG!
You block the rakshasa's attack.
GONNNNG!
You hit the wretched star.
You electrocute the wretched star.
You bite the wretched star, but do no damage.
The wretched star is heavily damaged.
You block the ancient champion's attack.
GONNNNG!
The wretched star pulses with an eldritch light!
You feel vulnerable to heat. x2
You hit the wretched star.
You electrocute the wretched star.
Your bite misses the wretched star.
The wretched star is severely damaged.
Quemios's ghost gestures at you while chanting.
The iron shot hits you!!!
* * * LOW HITPOINT WARNING * * *
You block Quemios's ghost's attack.
GONNNNG!
You block the rakshasa's attack.
PTOANNNG!
The ancient champion completely misses you.
You thump the wretched star! You crush the wretched star!
The wretched star is almost destroyed.
The ancient champion hits you with a +1 halberd of distortion.
* * * LOW HITPOINT WARNING * * *
Space warps horribly around you!!
You die...

.........# #.##......#...##......
.........# #.##...(..#...##......
.........# #.##......'...##......
.........###.>'......'....'......
..........................'......
..........................'.....#
.........###..###.........#....##
........##.####*##.###....##'''#
........#!#,*#.W@###1#.........#
.......©#.#*,##W#z...#.........#
.......##...∩.#R†#..##.........#
......##.#####.#..#.#.....##.>.#
......##*X.#.##.#..##...''##...#
.......##G##.©#.^.##.......#...#
........###..##..©#........#...#
.............#..#.#........'...#
............##....###......'...#


You could see a wretched star, an ancient champion (fast), a rakshasa and 2
ghosts called Quemios.

Vanquished Creatures
  A juggernaut (Depths:2)
  Boris (Vaults:3)
  Xtahua (Vaults:2)
  Saint Roka (Orc:2)
  Frederick (Vaults:4)
  A bone dragon (Depths:4)
  2 golden dragons (Depths:4)
  Arachne (Spider:2)
  A walking crystal tome (Depths:2)
  Mlioglotl (Spider:2)
  3 deep elf blademasters
  A titan (Depths:2)
  A lich (Depths:4)
  Zenata (Crypt:1)
  A moon troll (WizLab)
  An Executioner (Crypt:2)
  2 deep elf master archers (Elf:3)
  11 tentacled starspawn
  Frances (Spider:2)
  2 krakens
  3 tengu reavers
  5 sphinxes
  Gastronok (Lair:2)
  3 revenants
  Ilsuiw (Shoals:2)
  A shadow dragon (Depths:3)
  6 deep elf sorcerers
  An iron dragon (Depths:3)
  6 emperor scorpions (Spider:4)
  A draconian knight (Depths:4)
  13 frost giants
  Louise (Depths:3)
  A caustic shrike zombie (D:15)
  13 vault wardens
  8 fire giants
  A deep elf elementalist (Elf:3)
  A draconian scorcher (Depths:4)
  3 ghost moths (Spider:4)
  Aizul (Spider:2)
  A draconian annihilator (Depths:4)
  2 curse skulls
  2 quicksilver oozes (Vaults:3)
  14 ironbound preservers
  26 very ugly things
  4 broodmothers
  A ghoul (Crypt:2)
  2 cacodemons (WizLab)
  5 war gargoyles
  10 stone giants
  4 orc warlords
  4 vampire knights
  A caustic shrike skeleton (Depths:2)
  6 spriggan defenders
  12 ironbound thunderhulks
  6 deep elf annihilators (Elf:3)
  6 deep elf demonologists (Elf:3)
  A green draconian (Depths:4)
  A red draconian (Depths:4)
  A white draconian (Depths:4)
  A purple draconian (Depths:4)
  6 spark wasps
  19 dire elephants
  3 eidola
  8 deep elf death magi
  10 fire dragons
  13 jiangshi
  3 merfolk javelineers
  9 ettins
  7 merfolk impalers
  A spriggan zombie (Crypt:2)
  6 deep elf high priests
  8 entropy weavers
  8 great orbs of eyes
  The ghost of xzight the Cleaver, a journeyman MiBe of Trog (D:11)
  Harold (Orc:1)
  13 hydras
  2 rakshasas
  A jorogumo (Spider:1)
  10 yaktaur captains
  An ogre mage (D:15)
  8 ice dragons
  2 catoblepae
  Erolcha (Orc:1)
  6 vault guards
  A spriggan air mage (Depths:2)
  A death knight (Crypt:1)
  2 merfolk avatars (Shoals:4)
  17 centaur warriors
  10 ironbound frosthearts
  3 boulder beetles
  5 deep troll shamans
  2 peacekeepers
  33 dancing weapons
  3 radroaches
  2 spriggan skeletons
  Erica (Orc:1)
  6 two-headed ogres
  5 merfolk aquamancers
  11 tengu warriors
  6 deep troll earth magi
  2 vampire magi
  4 spriggan berserkers
  2 death yaks (IceCv)
  4 orc high priests
  6 hell knights
  22 deep elf knights
  A shadow wraith (Crypt:2)
  6 skysharks
  2 soul eaters
  2 wretched stars (WizLab)
  4 iron trolls
  A sixfirhy (D:9)
  16 skeletal warriors
  An iron giant zombie (Crypt:1)
  8 sea snakes
  4 sun moths
  10 pharaoh ants
  An orange crystal statue (WizLab)
  A salamander mystic (Volcano)
  13 glowing orange brains
  A deep troll (shapeshifter) (Vaults:2)
  A shadow demon (Depths:2)
  12 orb spiders
  6 flayed ghosts
  12 wizards
  59 deep trolls
  15 deep elf archers
  14 lindwurms
  11 necromancers
  6 phantasmal warriors
  A bog body (Crypt:2)
  19 ironbound convokers
  13 harpies
  5 steelbarb worms
  28 deep elf zephyrmancers
  7 orc knights
  A frost giant zombie (Vaults:3)
  27 wolf spiders
  A tengu zombie (Depths:2)
  36 deep elf pyromancers
  5 orc sorcerers
  2 fire giant zombies
  33 ugly things
  6 cyclopes
  A stone giant zombie (Depths:1)
  21 manticores
  4 moths of wrath
  An iron dragon zombie (Crypt:2)
  4 fauns (Shoals:1)
  A stone giant skeleton (Crypt:1)
  Joseph (D:8)
  4 elephants (Lair:5)
  3 black mambas
  2 frost giant skeletons
  14 vault sentinels
  An eye of devastation (shapeshifter) (Vaults:2)
  4 smoke demons
  A titan simulacrum (Crypt:2)
  4 water nymphs
  5 eyes of devastation (WizLab)
  Maurice (D:8)
  5 salamanders
  An ice statue (IceCv)
  9 demonic crawlers
  5 torpor snails
  2 molten gargoyles (Volcano)
  10 merfolk sirens
  A guardian serpent (shapeshifter) (Vaults:2)
  6 centaur zombies (D:12)
  An unseen horror (D:11)
  5 large abominations (Elf:3)
  10 cane toads
  9 komodo dragons
  An alligator snapping turtle skeleton (Crypt:2)
  An orb spider zombie (Crypt:1)
  4 kobold demonologists (D:11)
  A steelbarb worm zombie (Crypt:1)
  2 freezing wraiths
  4 rime drakes
  2 efreet (D:14)
  A bunyip simulacrum (Crypt:1)
  44 yaktaurs
  24 merfolk
  A tengu conjurer (D:15)
  4 meliai
  A polar bear (shapeshifter) (Depths:2)
  A human skeleton (Vaults:3)
  A hellwing (Depths:2)
  17 polar bears
  11 trolls
  A tengu simulacrum (Depths:2)
  19 blink frogs
  A mana viper skeleton (Crypt:2)
  11 hornets
  9 wind drakes
  2 harpy skeletons (Crypt:1)
  42 tarantellas
  A tarantella (shapeshifter) (D:15)
  A snapping turtle (shapeshifter) (Crypt:2)
  A dream sheep (Lair:5)
  10 snapping turtles
  A human simulacrum (Vaults:3)
  A hydra skeleton (Crypt:1)
  A dream sheep (shapeshifter) (Vaults:2)
  A culicivora (shapeshifter) (D:11)
  A centaur simulacrum (D:14)
  A meliai zombie (D:12)
  26 culicivoras
  A jumping spider (shapeshifter) (D:15)
  41 jumping spiders
  33 slime creatures
  7 wraiths
  A satyr skeleton (Crypt:2)
  An air elemental (Elf:1)
  A black mamba skeleton (Crypt:1)
  2 shadows
  8 water elementals
  A yak (shapeshifter) (Vaults:2)
  68 yaks
  5 flying skulls (Crypt:2)
  11 spriggans (Lair:5)
  3 wyverns
  A slime creature zombie (Crypt:2)
  A wyvern (shapeshifter) (Depths:2)
  2 fire elementals (Elf:3)
  3 vampires
  2 basilisks
  20 humans (D:14)
  87 redbacks
  5 fire bats
  7 neqoxecs
  7 small abominations (Elf:3)
  A steam dragon (D:8)
  4 glowing shapeshifter zombies
  7 wargs
  3 vampire mosquitoes (D:11)
  Edmund (D:6)
  2 acid dragons
  An entropy weaver zombie (Crypt:2)
  27 orc warriors
  15 water moccasins
  3 hell hounds
  2 floating eyes (Depths:4)
  An ice beast (D:6)
  9 black bears
  A swamp dragon zombie (Crypt:1)
  9 ogres
  59 wolves
  6 boggarts
  A centaur (shapeshifter) (D:11)
  23 centaurs
  A phantom (D:6)
  A fire crab zombie (Crypt:1)
  4 kobold brigands
  11 bullfrogs
  3 earth elementals
  A necrophage (Crypt:2)
  A scorpion (D:6)
  2 gnoll sergeants
  13 wights
  A warg skeleton (Crypt:1)
  5 killer bees (D:8)
  9 electric eels
  A swamp dragon simulacrum (Crypt:1)
  2 jellies
  7 lava snakes
  5 hounds
  31 starcursed masses (WizLab)
  24 orc priests
  A hound (shapeshifter) (D:11)
  Crazy Yiuf (D:5)
  6 iguanas
  2 sleepcaps
  25 orc wizards
  3 polar bear simulacra (Lair:2)
  2 wolf simulacra (Lair:2)
  4 yak simulacra (Lair:2)
  7 adders
  11 gnolls
  A swamp drake skeleton (Crypt:2)
  3 shadow imps
  5 white imps
  A lava snake zombie (Crypt:1)
  An adder skeleton (Crypt:1)
  A worm (D:4)
  3 dart slugs
  80 orcs
  9 endoplasms
  A giant cockroach (D:2)
  12 hobgoblins
  2 jackals (D:1)
  19 kobolds
  5 quokkas
  6 ball pythons
  4 bats
  5 frilled lizards
  8 goblins
  A kobold zombie (Crypt:2)
  4 rats
  2 river rat simulacra (Lair:2)
  A fire vortex (Lair:5)
  4 starspawn tentacles (WizLab)
  4 tentacles
2146 creatures vanquished.

Vanquished Creatures (collateral kills)
  2 liches (Crypt:2)
2 creatures vanquished.

Vanquished Creatures (others)
  An ironbound preserver (Vaults:1)
  A deep elf annihilator (Elf:3)
  2 deep elf knights
  A wizard (Elf:3)
  2 deep elf zephyrmancers (Elf:2)
  3 deep elf pyromancers
  4 spriggans (Depths:3)
  A steam dragon (D:8)
  3 killer bees (D:8)
  A bush (Depths:1)
  9 demonic plants (WizLab)
  A fire vortex (Lair:5)
  24 fungi
  69 plants
  25 starspawn tentacles
  4 tentacles
  5 toadstools (D:13)
  12 withered plants
168 creatures vanquished.

Grand Total: 2316 creatures vanquished

Notes
Turn   | Place    | Note
-------+----------+-------------------------------------------
     0 | D:1      | xelsha the Gnoll Fighter began the quest for the Orb.
     0 | D:1      | Reached XP level 1. HP: 23/23 MP: 1/1
    28 | D:1      | Reached XP level 2. HP: 29/29 MP: 2/2
   412 | D:1      | Reached XP level 3. HP: 32/35 MP: 3/3
   556 | D:1      | Found a faded altar of an unknown god.
   805 | D:2      | Reached skill level 1 in Invocations
  1056 | D:2      | Reached skill level 1 in Short Blades
  1056 | D:2      | Reached skill level 1 in Long Blades
  1056 | D:2      | Reached skill level 1 in Axes
  1056 | D:2      | Reached skill level 1 in Polearms
  1056 | D:2      | Reached skill level 1 in Staves
  1056 | D:2      | Reached skill level 1 in Ranged Weapons
  1056 | D:2      | Reached skill level 1 in Throwing
  1056 | D:2      | Reached skill level 1 in Dodging
  1056 | D:2      | Reached skill level 1 in Stealth
  1056 | D:2      | Reached skill level 1 in Unarmed Combat
  1056 | D:2      | Reached skill level 1 in Spellcasting
  1056 | D:2      | Reached skill level 1 in Evocations
  1183 | D:2      | Found an iron altar of Okawaru.
  1457 | D:2      | Reached XP level 4. HP: 39/41 MP: 5/5
  1980 | D:3      | Reached skill level 1 in Conjurations
  1980 | D:3      | Reached skill level 1 in Hexes
  1980 | D:3      | Reached skill level 1 in Summonings
  1980 | D:3      | Reached skill level 1 in Necromancy
  1980 | D:3      | Reached skill level 1 in Translocations
  1980 | D:3      | Reached skill level 1 in Transmutations
  1980 | D:3      | Reached skill level 1 in Fire Magic
  1980 | D:3      | Reached skill level 1 in Ice Magic
  1980 | D:3      | Reached skill level 1 in Air Magic
  1980 | D:3      | Reached skill level 1 in Earth Magic
  1980 | D:3      | Reached skill level 1 in Poison Magic
  2462 | D:3      | Reached XP level 5. HP: 47/47 MP: 5/7
  2528 | D:3      | Learned a level 1 spell: Shock
  2963 | D:4      | Reached skill level 2 in Invocations
  2974 | D:4      | Reached XP level 6. HP: 41/53 MP: 8/8
  3367 | D:4      | Reached skill level 5 in Maces & Flails
  4338 | D:5      | Entered Level 5 of the Dungeon
  4348 | D:5      | Reached XP level 7. HP: 60/60 MP: 10/10
  4692 | D:5      | Found a staircase to the Ecumenical Temple.
  5168 | D:5      | Found a runed translucent door.
  5169 | D:5      | Noticed Crazy Yiuf
  5271 | D:5      | Killed Crazy Yiuf
  5272 | D:5      | Reached skill level 3 in Invocations
  5780 | Temple   | Entered the Ecumenical Temple
  5946 | Temple   | Became a worshipper of Cheibriados the Contemplative
  6177 | D:6      | Reached XP level 8. HP: 67/67 MP: 12/12
  6604 | D:6      | Noticed Edmund
  6990 | D:6      | Reached skill level 4 in Invocations
  6992 | D:6      | Found Ivetz's Jewellery Boutique.
  7006 | D:6      | Bought a ring of see invisible for 195 gold pieces
  7054 | D:6      | Killed Edmund
  7232 | D:6      | Found Ixkiapl Quec's Distillery.
  7237 | D:6      | Bought a potion of heal wounds for 65 gold pieces
  7237 | D:6      | Bought a potion of lignification for 39 gold pieces
  7237 | D:6      | Bought a potion of attraction for 39 gold pieces
  7313 | D:7      | Reached XP level 9. HP: 32/73 MP: 14/14
  7588 | D:7      | Reached * piety under Cheibriados
  7787 | D:7      | Found Basoes's Mayhem Merchandise.
  8524 | D:7      | Learned a level 2 spell: Ensorcelled Hibernation
  8545 | D:8      | Found a glowing silver altar of Zin.
  9008 | D:7      | Reached skill level 5 in Invocations
  9107 | D:8      | Reached ** piety under Cheibriados
  9273 | D:8      | You fall into a shaft and drop 2 floors!
  9273 | D:10     | Entered Level 10 of the Dungeon
  9322 | D:10     | Noticed a troll
  9343 | D:10     | Killed a troll
  9887 | D:9      | Reached skill level 5 in Short Blades
  9887 | D:9      | Reached skill level 5 in Long Blades
  9887 | D:9      | Reached skill level 5 in Axes
  9887 | D:9      | Reached skill level 5 in Polearms
  9887 | D:9      | Reached skill level 5 in Staves
  9887 | D:9      | Reached skill level 5 in Ranged Weapons
  9887 | D:9      | Reached skill level 5 in Throwing
  9887 | D:9      | Reached skill level 5 in Dodging
  9887 | D:9      | Reached skill level 5 in Stealth
  9887 | D:9      | Reached skill level 5 in Unarmed Combat
  9887 | D:9      | Reached skill level 5 in Spellcasting
  9887 | D:9      | Reached skill level 5 in Evocations
 10162 | D:9      | Reached XP level 10. HP: 81/81 MP: 11/17
 10225 | D:9      | Found a hazy altar of Hepliaklqana.
 10601 | D:9      | Found a runed translucent door.
 10601 | D:9      | Noticed a sixfirhy
 11105 | D:9      | Noticed a manticore
 11231 | D:8      | Noticed Maurice
 11231 | D:8      | Noticed Joseph
 11249 | D:8      | Reached skill level 6 in Invocations
 11257 | D:8      | Killed Joseph
 11257 | D:8      | Reached *** piety under Cheibriados
 11260 | D:8      | Killed Maurice
 12529 | D:10     | Found a staircase to the Lair.
 12540 | D:10     | Reached skill level 5 in Conjurations
 12540 | D:10     | Reached skill level 5 in Hexes
 12540 | D:10     | Reached skill level 5 in Summonings
 12540 | D:10     | Reached skill level 5 in Necromancy
 12540 | D:10     | Reached skill level 5 in Translocations
 12540 | D:10     | Reached skill level 5 in Transmutations
 12540 | D:10     | Reached skill level 5 in Fire Magic
 12540 | D:10     | Reached skill level 5 in Ice Magic
 12540 | D:10     | Reached skill level 5 in Air Magic
 12540 | D:10     | Reached skill level 5 in Earth Magic
 12540 | D:10     | Reached skill level 5 in Poison Magic
 12540 | D:10     | Reached XP level 11. HP: 52/89 MP: 20/20
 13306 | D:10     | Found a staircase to the Orcish Mines.
 13800 | Lair:1   | Entered Level 1 of the Lair of Beasts
 13828 | Lair:1   | Reached **** piety under Cheibriados
 13840 | Lair:1   | Reached skill level 7 in Invocations
 14014 | Lair:1   | Found a dark tunnel.
 14026 | Volcano  | Entered a volcano
 14232 | Volcano  | Found a bloodstained altar of Trog.
 14232 | Volcano  | Noticed a salamander
 14232 | Volcano  | Noticed a salamander mystic
 14232 | Volcano  | Noticed a salamander
 14232 | Volcano  | Noticed a salamander
 14242 | Volcano  | Killed a salamander mystic
 14252 | Volcano  | Killed a salamander
 14267 | Volcano  | Killed a salamander
 14284 | Volcano  | Killed a salamander
 14416 | Volcano  | Noticed a salamander
 14442 | Volcano  | Killed a salamander
 14451 | Volcano  | Noticed a hell knight
 14476 | Volcano  | Killed a hell knight
 14906 | Volcano  | Reached XP level 12. HP: 84/97 MP: 22/22
 15706 | Lair:1   | Reached skill level 8 in Invocations
 16198 | Lair:1   | Learned a level 4 spell: Anguish
 16203 | Lair:1   | Learned a level 4 spell: Olgreb's Toxic Radiance
 16231 | Lair:2   | Reached ***** piety under Cheibriados
 16377 | Lair:2   | Noticed Gastronok
 16590 | Lair:2   | Killed Gastronok
 16591 | Lair:2   | Reached skill level 10 in Fighting
 16591 | Lair:2   | Reached skill level 10 in Armour
 16591 | Lair:2   | Reached skill level 10 in Shields
 16764 | Lair:2   | Noticed a four-headed hydra
 16775 | Lair:2   | Killed a one-headed hydra
 17180 | Lair:2   | Noticed a skyshark
 17201 | Lair:2   | Killed a skyshark
 17556 | D:6      | Bought the ring of Spite {rPois rN+ AC+4 Dex+2} for 722
                  | gold pieces
 18537 | Lair:3   | Reached XP level 13. HP: 93/104 MP: 25/25
 18668 | Lair:3   | Reached skill level 9 in Invocations
 18852 | Lair:3   | Found a staircase to the Shoals.
 19036 | Lair:3   | Found a hole to the Spider Nest.
 19841 | Lair:4   | Reached ****** piety under Cheibriados
 20957 | Lair:5   | Entered Level 5 of the Lair of Beasts
 21032 | Lair:5   | Reached skill level 10 in Maces & Flails
 21128 | Lair:5   | Found a staircase to the Slime Pits.
 21457 | Lair:5   | Reached XP level 14. HP: 106/113 MP: 27/27
 21462 | Lair:5   | Reached skill level 10 in Invocations
 22770 | D:11     | Identified a scroll of acquirement
 22901 | D:11     | Found a frozen archway.
 22921 | IceCv    | Entered an ice cave
 23528 | IceCv    | Reached skill level 10 in Short Blades
 23528 | IceCv    | Reached skill level 10 in Long Blades
 23528 | IceCv    | Reached skill level 10 in Axes
 23528 | IceCv    | Reached skill level 10 in Polearms
 23528 | IceCv    | Reached skill level 10 in Staves
 23528 | IceCv    | Reached skill level 10 in Ranged Weapons
 23528 | IceCv    | Reached skill level 10 in Throwing
 23528 | IceCv    | Reached skill level 10 in Dodging
 23528 | IceCv    | Reached skill level 10 in Stealth
 23528 | IceCv    | Reached skill level 10 in Unarmed Combat
 23528 | IceCv    | Reached skill level 10 in Spellcasting
 23528 | IceCv    | Reached skill level 10 in Evocations
 24331 | D:11     | Found a runed translucent gate.
 24331 | D:11     | Found a runed translucent gate.
 24332 | D:11     | Found a runed translucent gate.
 24689 | D:12     | Reached XP level 15. HP: 83/120 MP: 29/29
 24801 | D:12     | Reached skill level 11 in Invocations
 26008 | D:12     | Learned a level 3 spell: Ignite Poison
 26013 | D:12     | Learned a level 4 spell: Passage of Golubria
 26045 | D:12     | Learned a level 5 spell: Yara's Violent Unravelling
 26067 | D:13     | Found Dabieng's Armour Shoppe.
 26137 | D:13     | Bought a +2 helmet of see invisible for 258 gold pieces
 26519 | D:13     | Identified the +0 leather armour "Cafoq" {rF+ Slay+3
                  | Stlth+}
 27553 | D:14     | Noticed a tengu reaver
 27568 | D:14     | Killed a tengu reaver
 28682 | D:14     | Found a gate to the Vaults.
 28686 | D:14     | Reached XP level 16. HP: 126/129 MP: 22/30
 28997 | D:15     | Entered Level 15 of the Dungeon
 29028 | D:15     | Reached skill level 12 in Invocations
 29423 | D:15     | Found a staircase to the Depths.
 30117 | Orc:1    | Entered Level 1 of the Orcish Mines
 30117 | Orc:1    | Noticed Harold
 30125 | Orc:1    | Killed Harold
 30130 | Orc:1    | Noticed Erolcha
 30137 | Orc:1    | Killed Erolcha
 30157 | Orc:1    | You are sucked into a shaft and drop 1 floor!
 30157 | Orc:2    | Entered Level 2 of the Orcish Mines
 30225 | Orc:2    | Noticed Saint Roka
 30234 | Orc:2    | Found a staircase to the Elven Halls.
 30789 | Orc:2    | Killed Saint Roka
 31478 | Orc:2    | Paralysed by an orc sorcerer for 4 turns
 31570 | Orc:2    | Found Mudoilew's Magic Scroll Shoppe.
 31570 | Orc:2    | Found Getrian's Weapon Boutique.
 31572 | Orc:2    | Found Piclakex's Book Shoppe.
 31572 | Orc:2    | Found Luworgh's Distillery.
 31578 | Orc:2    | Bought a scroll of enchant armour for 97 gold pieces
 31581 | Orc:2    | Bought a potion of heal wounds for 60 gold pieces
 31583 | Orc:2    | Bought a +1 scimitar of holy wrath for 156 gold pieces
 31610 | Orc:1    | Noticed Erica
 31618 | Orc:1    | Killed Erica
 31912 | Spider:1 | Entered Level 1 of the Spider Nest
 32065 | Spider:1 | Reached XP level 17. HP: 137/137 MP: 21/32
 32208 | Spider:1 | Reached skill level 10 in Conjurations
 32208 | Spider:1 | Reached skill level 10 in Hexes
 32208 | Spider:1 | Reached skill level 10 in Summonings
 32208 | Spider:1 | Reached skill level 10 in Necromancy
 32208 | Spider:1 | Reached skill level 10 in Translocations
 32208 | Spider:1 | Reached skill level 10 in Transmutations
 32208 | Spider:1 | Reached skill level 10 in Fire Magic
 32208 | Spider:1 | Reached skill level 10 in Ice Magic
 32208 | Spider:1 | Reached skill level 10 in Air Magic
 32208 | Spider:1 | Reached skill level 10 in Earth Magic
 32208 | Spider:1 | Reached skill level 10 in Poison Magic
 32740 | Spider:1 | Reached skill level 13 in Invocations
 33557 | D:6      | Bought a ring of willpower for 325 gold pieces
 33557 | D:6      | Bought a ring of willpower for 325 gold pieces
 33881 | Spider:2 | Noticed Arachne
 33883 | Spider:2 | Noticed Aizul
 33908 | Spider:2 | Killed Aizul
 33932 | Spider:2 | Killed Arachne
 34393 | Spider:2 | Noticed Frances
 34420 | Spider:2 | Killed Frances
 34497 | Spider:2 | Noticed Mlioglotl
 34767 | Spider:1 | Learned a level 5 spell: Freezing Cloud
 35350 | Spider:2 | Killed Mlioglotl
 35886 | Spider:2 | Reached XP level 18. HP: 66/145 MP: 34/34
 37081 | Spider:4 | Entered Level 4 of the Spider Nest
 38099 | Spider:4 | Reached skill level 14 in Invocations
 38232 | Spider:4 | Identified the orb of Olanlovi {guile, rF+ Stlth+}
 38239 | Spider:4 | Got a gossamer rune of Zot
 38999 | Spider:4 | Acquired the Volume of Mortification
 39007 | Spider:4 | Learned a level 5 spell: Borgnjor's Vile Clutch
 39149 | Shoals:1 | Entered Level 1 of the Shoals
 39468 | Shoals:1 | Found the +18 shield of the Gong {Loud rN+ Will+ rCorr
                  | EV-5}
 40420 | Shoals:2 | Noticed Ilsuiw
 40428 | Shoals:2 | Reached XP level 19. HP: 59/153 MP: 24/36
 40431 | Shoals:2 | Killed Ilsuiw
 41640 | Shoals:3 | Found Kedwen's Armour Shop.
 42466 | Shoals:3 | Found Douxejoc's Antique Weapon Shop.
 42581 | Shoals:4 | Entered Level 4 of the Shoals
 43043 | Shoals:4 | Got a barnacled rune of Zot
 43351 | Shoals:4 | Got the Precepts of the Queen Bee
 43580 | Shoals:4 | Found Fucocvumy's Jewellery Shoppe.
 43955 | Elf:1    | Entered Level 1 of the Elven Halls
 43978 | Elf:1    | Reached skill level 15 in Fighting
 43978 | Elf:1    | Reached skill level 15 in Armour
 43978 | Elf:1    | Reached skill level 15 in Shields
 44367 | Elf:1    | Reached skill level 15 in Invocations
 44470 | Elf:1    | Found a radiant altar of Vehumet.
 44958 | Elf:2    | Reached XP level 20. HP: 160/162 MP: 24/37
 45364 | Elf:2    | Found a runed translucent gate.
 45377 | Elf:2    | Found a runed translucent gate.
 45377 | Elf:2    | Found a runed translucent gate.
 45539 | Elf:2    | Found the necklace of Bloodlust {Fury *Rage Will++ Int-3
                  | Slay+6}
 46318 | Elf:3    | Entered Level 3 of the Elven Halls
 47116 | Elf:3    | Reached skill level 15 in Maces & Flails
 47612 | Elf:3    | Identified the +8 falchion "Illyanos" {venom, Str+4}
 47783 | Elf:3    | Identified the +9 rapier of the Tiger {vamp, rN++}
 47803 | Elf:3    | Reached XP level 21. HP: 159/170 MP: 7/39
 48056 | Elf:3    | Identified the staff of poison "Qigi Ito" {rElec rPois}
 48058 | Elf:3    | Got Sif Muna's Volume of Hapless Production
 48121 | Elf:3    | Identified the +7 sling "Fish" {flame, Str+3 Int+4 Stlth-}
 48273 | Elf:3    | Acquired 783 gold pieces
 48627 | Depths:1 | Entered Level 1 of the Depths
 49114 | Depths:1 | Reached skill level 16 in Invocations
 50210 | Depths:1 | Found a gateway to Hell.
 50290 | Depths:1 | Found an iron altar of Okawaru.
 50947 | Depths:2 | Noticed a juggernaut
 50991 | Depths:2 | Killed a juggernaut
 50992 | Depths:2 | Reached skill level 15 in Short Blades
 50992 | Depths:2 | Reached skill level 15 in Long Blades
 50992 | Depths:2 | Reached skill level 15 in Axes
 50992 | Depths:2 | Reached skill level 15 in Polearms
 50992 | Depths:2 | Reached skill level 15 in Staves
 50992 | Depths:2 | Reached skill level 15 in Ranged Weapons
 50992 | Depths:2 | Reached skill level 15 in Throwing
 50992 | Depths:2 | Reached skill level 15 in Dodging
 50992 | Depths:2 | Reached skill level 15 in Stealth
 50992 | Depths:2 | Reached skill level 15 in Unarmed Combat
 50992 | Depths:2 | Reached skill level 15 in Spellcasting
 50992 | Depths:2 | Reached skill level 15 in Evocations
 52422 | Depths:2 | Found a one-way gate leading to the halls of Pandemonium.
 52729 | Depths:2 | Identified the +2 leather armour of Dice, Bag, and Bottle
                  | {rElec rPois Dex-2}
 52838 | Depths:2 | Found a one-way gateway to a ziggurat.
 52842 | Depths:2 | Paralysed by a floating eye for 4 turns
 52847 | Depths:2 | Paralysed by a floating eye for 4 turns
 52853 | Depths:2 | Paralysed by a floating eye for 3 turns
 53278 | Depths:2 | Paralysed by a floating eye for 3 turns
 53281 | Depths:2 | Paralysed by a floating eye for 2 turns
 53283 | Depths:2 | Paralysed by a floating eye for 2 turns
 53287 | Depths:2 | Paralysed by a floating eye for 2 turns
 53289 | Depths:2 | Paralysed by a floating eye for 3 turns
 53292 | Depths:2 | Paralysed by a floating eye for 3 turns
 53296 | Depths:2 | Paralysed by a floating eye for 2 turns
 53299 | Depths:2 | Paralysed by a floating eye for 3 turns
 53379 | Depths:3 | Reached XP level 22. HP: 179/179 MP: 41/41
 53473 | Depths:3 | Noticed a golden dragon
 54057 | Depths:3 | Noticed Louise
 54075 | Depths:3 | Killed Louise
 54092 | Depths:3 | Found a one-way gate to the infinite horrors of the Abyss.
 54198 | Depths:3 | Found Dytennad's Book Shoppe.
 54199 | Depths:3 | Found Xigoo's Jewellery Boutique.
 54201 | Depths:3 | Found Zadday's Book Shoppe.
 54901 | Depths:4 | Entered Level 4 of the Depths
 55065 | Depths:4 | Found a radiant altar of Vehumet.
 55367 | Depths:4 | Noticed a golden dragon
 55383 | Depths:4 | Killed a golden dragon
 55388 | Depths:4 | Paralysed by a floating eye for 4 turns
 55699 | Depths:4 | Paralysed by a floating eye for 4 turns
 55709 | Depths:4 | Paralysed by a floating eye for 3 turns
 55934 | Depths:4 | Noticed a golden dragon
 55959 | Depths:4 | Killed a golden dragon
 55960 | Depths:4 | Reached skill level 17 in Invocations
 56123 | Depths:4 | Found a gate to the Realm of Zot.
 56756 | Vaults:1 | Entered Level 1 of the Vaults
 57255 | Vaults:1 | Reached XP level 23. HP: 182/187 MP: 42/42
 57539 | Vaults:1 | Found Uniopenn's Weapon Emporium.
 57589 | Vaults:1 | Bought the +10 scimitar "Ogreslayer" {flame, MP+9 Dex+5}
                  | for 1123 gold pieces
 57994 | Vaults:1 | Identified the +10 morningstar of xelsha's Sudden Death
                  | {venom, rElec rC- rCorr Int+2}
 58175 | Vaults:2 | Noticed Xtahua
 58193 | Vaults:2 | Killed Xtahua
 59512 | Vaults:2 | Found Ecyshe's Antique Armour Emporium.
 60966 | Vaults:3 | Found an ancient bone altar of Kikubaaqudgha.
 60969 | Vaults:3 | Found a staircase to the Crypt.
 60970 | Vaults:3 | Found a basalt altar of Yredelemnul.
 61261 | Vaults:3 | Reached skill level 18 in Invocations
 61264 | Vaults:3 | Reached XP level 24. HP: 197/197 MP: 43/43
 61758 | Vaults:3 | Found a runed translucent door.
 62406 | D:11     | Found a runed translucent gate.
 62406 | D:11     | Found a runed translucent gate.
 62414 | D:11     | Noticed xzight's ghost (journeyman MiBe)
 62419 | D:11     | Found a runed translucent gate.
 62450 | D:11     | Killed xzight's ghost
 62980 | Vaults:3 | Identified the +0 ring mail of Faorr {rPois Will- rCorr}
 63054 | Vaults:4 | Noticed Frederick
 63064 | Vaults:4 | Killed Frederick
 63131 | Vaults:4 | Noticed Boris
 63147 | Vaults:3 | Killed Boris
 65184 | Vaults:4 | Identified the +1 falchion "Iklazygg" {heavy, Str+6}
 65918 | Depths:3 | Bought a book of Death for 748 gold pieces
 65918 | Depths:3 | Bought a book of Lightning for 578 gold pieces
 65918 | Depths:3 | Bought a book of Party Tricks for 272 gold pieces
 65924 | Depths:3 | Learned a level 5 spell: Alistair's Intoxication
 65930 | Depths:3 | Learned a level 5 spell: Arcjolt
 65938 | Depths:3 | Learned a level 7 spell: Haunt
 66185 | Orc:2    | Bought a book of Alchemy for 280 gold pieces
 66191 | Orc:2    | Learned a level 5 spell: Irradiate
 67495 | Crypt:1  | Entered Level 1 of the Crypt
 67522 | Crypt:1  | Noticed Zenata
 67548 | Crypt:1  | Killed Zenata
 68775 | Crypt:2  | Found a magical portal.
 68801 | WizLab   | Entered Lehudib's Moon Base
 69824 | WizLab   | Reached XP level 25. HP: 204/204 MP: 39/39
 69898 | WizLab   | Identified the ring of Ecwef {rPois Int+5}
 69936 | WizLab   | Paralysed by accursed screaming for 1 turns
 70188 | WizLab   | Found a transporter.
 70378 | WizLab   | Identified the +8 mace of Destiny {heavy, rF+ Will+ Str+3}
 70429 | WizLab   | Found a transporter.
 70647 | WizLab   | Gained mutation: You do not regenerate when monsters are
                  | visible. [a cacodemon]
 70963 | WizLab   | Lost mutation: You do not regenerate when monsters are
                  | visible. [potion of mutation]
 70963 | WizLab   | Gained mutation: Your spells are a little harder to cast,
                  | but a little more powerful. [potion of mutation]
 70985 | WizLab   | Learned a level 2 spell: Sublimation of Blood
 72530 | Crypt:2  | Identified the ring "Ymeischau" {rElec Will- rCorr EV+5
                  | Int+3}
 72531 | Crypt:2  | Found a transporter.
 72537 | Crypt:2  | Noticed Quemios's ghost (veteran GrEE)
 72539 | Crypt:2  | Found a transporter.
 72986 | Crypt:2  | Reached skill level 19 in Invocations
 73007 | Crypt:2  | Mangled by an ancient champion (illusionary)

Illustrated notes

Levels and vault maps discovered:
D:1:      minmay_arrival_three_doors, layout_basic,
          ebering_ecumenical_altar_box, minmay_tromino_i2
D:2:      layout_loops_corners, basic_altar, minmay_misc_feat_alley,
          grunt_decor_resistance
D:3:      layout_basic
D:4:      layout_basic, serial_glass, glass_columns_a, glass_columns_a,
          feat_on_display, feat_on_display, due_unseen_surprise,
          grunt_ministairs_5
D:5:      layout_cave_pools, temple_fountains, bh_walls_and_bars,
          uniq_crazy_yiuf_cottage
D:6:      layout_loops_ring, serial_shops, shop, shop, uniq_edmund
D:7:      layout_basic, amcnicky_mini_rare_corridor_liquid, minmay_shop_mayhem,
          st_stairs_7, minivault_1
D:8:      layout_cave_pools, amcnicky_altar_gilded, uniq_maurice, uniq_joseph
D:9:      cheibrodos_shockbox, layout_long_grid, lemuel_coloured_pillars_altar
D:10:     layout_layer_cave, erik_orc_3
D:11:     layout_roguey, portal_ice_cave_entry_pillars_1,
          ploomutoo_gammafunk_ghost_potion_laboratory
D:12:     layout_basic, serial_undead, serial_undead_c, serial_undead_d,
          serial_undead_f, serial_undead_f
D:13:     kennysheep_ambush_hall, layout_grid_maze, serial_shops,
          nicolae_shop_stone, minmay_gold_behind_fungi
D:14:     layout_loops_cross, grunt_vaults_entry_tiered,
          ebering_dispersal_statue_hall, dilly_guarded_unrand_elemental_staff
D:15:     gammafunk_depths_entry_grave, layout_rooms, minmay_shattered_shrine
Temple:   nicolae_temple_bog_church
Lair:1:   layout_regular_city, nicolae_volcano_entry_batcave
Lair:2:   layout_regular_city, eino_house_with_fridge, uniq_gastronok
Lair:3:   layout_gridlike, minmay_shoals_entry_beasts, spider_nest_entry_webs
Lair:4:   layout_cave_pods, cheibrodos_lair_lostbears
Lair:5:   minmay_lair_end_enchanted_forest, layout_gridlike,
          minmay_slime_entry_pillars, nicolae_lair_liquid_snakes,
          infiniplex_staircase_pool_2
Shoals:1: layout_shoals, centaur_isle
Shoals:2: layout_shoals, uniq_ilsuiw
Shoals:3: cheibrodos_shoals_roost, layout_shoals, serial_shops,
          nicolae_shop_tiny_real_fake_doors, nicolae_take_the_stairs,
          overgrown_tower
Shoals:4: shoals_end_grunt_ice, layout_shoals, shoals_ilsuiw_ice,
          minmay_shop_enchanted_jewellery
Spider:1: layout_spider_delve, hangedman_spider_tarantella_strand
Spider:2: layout_spider_delve, hangedman_spider_mandibles, drop_trap,
          nicolae_arachne_temple, uniq_frances, uniq_aizul, uniq_mlioglotl
Spider:3: layout_spider_delve
Spider:4: spider_rune_water
Orc:1:    layout_caves, serial_shops, uniq_harold, uniq_erica, uniq_erolcha
Orc:2:    grunt_orc_tribal_feast, layout_caves, minmay_orc_temple_a,
          uniq_saint_roka
Elf:1:    layout_gridlike, basic_altar, hangedman_elven_crosses_minicolossus
Elf:2:    elven_hall_of_blades_hangedman_original
          [nicolae_blade_entry_area_security], layout_geoelf_octagon,
          lemuel_upstairs_altar
Elf:3:    elf_hall, layout_geoelf_octagon, minivault_4, st_stairs_1, laboratory
Vaults:1: ontoclasm_vaults_gallery, vaults_dpeg_doors,
          nicolae_vaults_apartment_2, v_misc_25, vaults_dpeg_ring, v_misc_31,
          vaults_dpeg_spiral, nicolae_vaults_house_3,
          nicolae_vaults_storage_closets_2, nicolae_vaults_double_plus_1,
          nicolae_vaults_six-pack, v_misc_14, layout_vaults_maze_snakey,
          serial_shops, nicolae_shop_bloodbath_and_beyond, serial_glass
Vaults:2: nicolae_vaults_surprise_closet, nicolae_vaults_offset_grid_hallway_3,
          nicolae_vaults_loss_of_containment, nicolae_vaults_octothorpe,
          nicolae_vaults_door_testing_chamber, v_misc_13,
          nicolae_vaults_circle_grid_b, nicolae_vaults_border_crossing,
          vaults_mumra_chevron_long, vaults_room_fours,
          nicolae_vaults_network_s, layout_vaults_chaotic_city, serial_shops,
          shop, uniq_xtahua
Vaults:3: hangedman_vaults_stream, vaults_room_boxed,
          minmay_crypt_entry_necro_gods, nicolae_vaults_bisected_exclaves,
          v_pattern_2, hangedman_vaults_corner_blocks, v_misc_30,
          nicolae_vaults_oozy_zoo, layout_vaults_quadrants
Vaults:4: nicolae_vaults_oval_intersection, v_misc_26,
          nicolae_vaults_steering_wheel, hangedman_vaults_hat,
          nicolae_vaults_ring_of_whatevers, ontoclasm_vaults_ring_small,
          v_misc_15, v_rooms_3, nicolae_vaults_doubleplus_tesselated,
          nicolae_vaults_mini_display_case, nicolae_vaults_little_squares_2,
          nicolae_vaults_circle_grid_b, nicolae_vaults_trapezoid_lopsided_3,
          layout_vaults_omnicross, uniq_frederick, uniq_boris
Crypt:1:  layout_gridlike, minmay_misc_feat_hallway, moated_statue,
          grunt_crypt_arrival_webbed, grunt_megastairs_1, uniq_zenata
Crypt:2:  layout_gridlike, serial_corexii_hall, corexii_hall_statues_s,
          chequers_hall_statues_y, gammafunk_ghost_abyssal_escape,
          mu_enter_wizlab_1
Depths:1: layout_long_grid, minmay_hedge_maze, special_room
          [special_room_mythical_zoo], hell_entry, corexii_leaking_fountain,
          minivault_14, okawaru_altar_gauntlet_db
Depths:2: minmay_the_grid_octo_tiled_octocenter [minmay_the_grid_octo_horde,
          minmay_the_grid_octo_clover_2, minmay_the_grid_octo_tetromino_candy,
          minmay_the_grid_octo_77, minmay_the_grid_octo_prize_square_snowflake,
          minmay_the_grid_square_5x5_inner_i,
          minmay_the_grid_square_5x5_spiral_small,
          minmay_the_grid_square_5x5_inset,
          minmay_the_grid_square_5x5_moneybag], layout_twisted_cross,
          enter_ziggurat_c, nicolae_concentric_dashed_squares_mild,
          rand_demon_pan_entry_3, hell_entry, roderic_cross_of_infinity,
          serial_bayou_shore_b, infiniplex_staircase_door_maze
Depths:3: dreamdust_experimentation, layout_gridlike,
          nicolae_abyss_entry_one_way_or_another, hell_entry,
          grunt_pan_entry_in_and_out, st_stairs_6,
          chequers_serial_rivers_small_b, minmay_shop_grove,
          infiniplex_staircase_pool_1
Depths:4: evilmike_zot_entry_round, layout_honeycomb, hell_entry,
          nicolae_vehumet_radiance

Skill      XL: |  1  2  3  4  5  6  7  8  9 10 11 12 13 14 15 16 17 18 19 20 21 22 23 24 25 |
---------------+----------------------------------------------------------------------------+-----
Invocations    | 1 2 3 4 5 6 7 8 9 10 11 12 13 14 15 16 17 18 19 | 19.0
Short Blades   | 1 2 3 5 6 7 8 9 10 11 12 13 14 15 16 17 | 17.5
Long Blades    | 1 2 3 5 6 7 8 9 10 11 12 13 14 15 16 17 | 17.5
Axes           | 1 2 3 5 6 7 8 9 10 11 12 13 14 15 16 17 | 17.5
Polearms       | 1 2 3 5 6 7 8 9 10 11 12 13 14 15 16 17 | 17.5
Staves         | 1 2 3 5 6 7 8 9 10 11 12 13 14 15 16 17 | 17.5
Ranged Weapons | 1 2 3 5 6 7 8 9 10 11 12 13 14 15 16 17 | 17.5
Throwing       | 1 2 3 5 6 7 8 9 10 11 12 13 14 15 16 17 | 17.5
Dodging        | 1 2 3 5 6 7 8 9 10 11 12 13 14 15 16 17 | 17.5
Stealth        | 1 2 3 5 6 7 8 9 10 11 12 13 14 15 16 17 | 17.5
Unarmed Combat | 1 2 3 5 6 7 8 9 10 11 12 13 14 15 16 17 | 17.5
Spellcasting   | 1 2 3 5 6 7 8 9 10 11 12 13 14 15 16 17 | 17.5
Evocations     | 1 2 3 5 6 7 8 9 10 11 12 13 14 15 16 17 | 17.5
Conjurations   | 1 2 3 4 5 6 7 8 9 10 11 12 13 14 | 14.9
Hexes          | 1 2 3 4 5 6 7 8 9 10 11 12 13 14 | 14.9
Summonings     | 1 2 3 4 5 6 7 8 9 10 11 12 13 14 | 14.9
Necromancy     | 1 2 3 4 5 6 7 8 9 10 11 12 13 14 | 14.9
Translocations | 1 2 3 4 5 6 7 8 9 10 11 12 13 14 | 14.9
Transmutations | 1 2 3 4 5 6 7 8 9 10 11 12 13 14 | 14.9
Fire Magic     | 1 2 3 4 5 6 7 8 9 10 11 12 13 14 | 14.9
Ice Magic      | 1 2 3 4 5 6 7 8 9 10 11 12 13 14 | 14.9
Air Magic      | 1 2 3 4 5 6 7 8 9 10 11 12 13 14 | 14.9
Earth Magic    | 1 2 3 4 5 6 7 8 9 10 11 12 13 14 | 14.9
Poison Magic   | 1 2 3 4 5 6 7 8 9 10 11 12 13 14 | 14.9
Maces & Flails | 5 6 7 8 9 10 11 12 13 14 15 16 17 18 | 18.1
Fighting       | 7 8 9 10 11 12 13 14 15 16 17 18 | 18.5
Armour         | 7 8 9 10 11 12 13 14 15 16 17 18 | 18.5
Shields        | 7 8 9 10 11 12 13 14 15 16 17 18 | 18.5

Action                     |  1- 3 |  4- 6 |  7- 9 | 10-12 | 13-15 | 16-18 | 19-21 | 22-24 | 25-27 || total
---------------------------+-------+-------+-------+-------+-------+-------+-------+-------+-------++-------
  Melee: Flail             |   114 |    79 |   125 |   592 |       |       |       |       |       ||   910
         Bite              |    16 |    17 |    61 |   124 |   191 |   178 |   263 |   408 |   112 ||  1370
         Whip              |       |    96 |   278 |       |       |       |       |       |       ||   374
         Long sword        |       |       |       |     7 |       |     3 |       |       |       ||    10
         Broad axe         |       |       |       |   193 |  1028 |   233 |    34 |    46 |       ||  1534
         Dagger            |       |       |       |       |     3 |       |       |       |       ||     3
         Staff             |       |       |       |       |   122 |   696 |  1287 |  1467 |   401 ||  3973
         Katana            |       |       |       |       |       |       |    53 |    31 |       ||    84
         Scimitar          |       |       |       |       |       |       |       |   255 |       ||   255
   Fire: Hand crossbow     |       |       |       |       |       |       |       |    19 |       ||    19
  Throw: Dart              |       |       |    12 |       |       |       |       |       |       ||    12
   Cast: Shock             |       |     1 |    55 |    71 |    32 |    85 |    36 |    33 |       ||   313
         Ensorcelled Hiber |       |       |       |       |     1 |       |       |       |       ||     1
         Olgreb's Toxic Ra |       |       |       |       |    19 |    93 |    41 |    53 |     4 ||   210
         Ignite Poison     |       |       |       |       |     8 |   166 |    96 |   108 |     6 ||   384
         Passage of Golubr |       |       |       |       |       |     1 |       |       |       ||     1
         Borgnjor's Vile C |       |       |       |       |       |       |     2 |       |       ||     2
         Yara's Violent Un |       |       |       |       |       |       |     1 |       |       ||     1
         Anguish           |       |       |       |       |       |       |     1 |       |       ||     1
         Freezing Cloud    |       |       |       |       |       |       |       |     2 |       ||     2
         Irradiate         |       |       |       |       |       |       |       |     8 |     8 ||    16
         Haunt             |       |       |       |       |       |       |       |     1 |     3 ||     4
 Invoke: Bend Time         |       |       |     1 |     7 |       |       |       |       |       ||     8
         Slouch            |       |       |       |       |     2 |     6 |     7 |       |       ||    15
         Step From Time    |       |       |       |       |       |       |     1 |       |       ||     1
  Evoke: Wand              |       |       |       |     6 |     2 |     9 |       |     9 |     8 ||    34
    Use: Scroll            |       |       |    10 |    13 |     2 |     8 |    10 |     8 |     2 ||    53
         Potion            |       |       |       |     6 |     3 |     6 |     5 |       |     1 ||    21
   Stab: Sleeping          |       |     1 |     3 |     3 |     2 |    14 |     4 |     2 |       ||    29
         Distracted        |       |     1 |       |       |     1 |     3 |     8 |    12 |     4 ||    29
         Held in net/web   |       |       |       |       |       |     1 |       |       |       ||     1
         Petrified         |       |       |       |       |       |       |     5 |       |       ||     5
 Armour: Scale mail        |    39 |    27 |       |       |       |       |       |       |       ||    66
         Ring mail         |       |    23 |   126 |   188 |       |       |       |       |       ||   337
         Chain mail        |       |       |       |    90 |       |       |       |       |       ||    90
         Plate armour      |       |       |       |    37 |   389 |       |       |       |       ||   426
         Crystal plate arm |       |       |       |       |   113 |       |       |       |       ||   113
         Pearl dragon scal |       |       |       |       |   121 |   385 |   356 |   349 |    93 ||  1304
  Dodge: Dodged            |    54 |    73 |   140 |   374 |   707 |   724 |   423 |   551 |   156 ||  3202
  Block: Buckler           |    33 |    38 |       |       |       |       |       |       |       ||    71
         Kite shield       |       |    15 |   399 |  1071 |  1735 |  1493 |  2152 |  2358 |   610 ||  9833
         Reflection        |       |       |     9 |    18 |    53 |    56 |    86 |   106 |       ||   328
